 Dungeon Crawl Stone Soup version 0.27-a0-1196-g3e9cee4cb2 (webtiles) character file.

Game seed: 5808238844089710457

77 Azzok the Chopper (level 4, -1/52 HPs)
             Began as a Demonspawn Berserker on May 29, 2021.
             Was a Follower of Trog.
             Killed by nerve-wracking pain
             ... invoked by Grinder
              (12 damage)
             ... on level 3 of the Dungeon.
             The game lasted 00:02:06 (2667 turns).

Azzok the Chopper (Demonspawn Berserker)            Turns: 2667, Time: 00:02:06

Health: -1/52      AC:  2    Str: 18    XL:     4   Next: 14%
Magic:  4/4        EV: 12    Int:  8    God:    Trog [*.....]
Gold:   133        SH:  4    Dex: 13    Spells: 3/3 levels left

rFire    . . .     SeeInvis .   j - +0 war axe
rCold    . . .     Faith    .   (no shield)
rNeg     . . .     Spirit   .   b - +0 animal skin
rPois    .         Reflect  .   (no helmet)
rElec    .         Harm     .   (no cloak)
rCorr    .         Rampage  .   (no gloves)
Will     .....                  (no boots)
Stlth    ..........             (no amulet)
HPRegen  0.17/turn              (no ring)
MPRegen  0.09/turn              (no ring)

@: berserking (expiring), very quick
A: large bone plates 1
a: Renounce Religion, Berserk


You were on level 3 of the Dungeon.
You worshipped Trog.
Trog was aware of your devotion.
You visited 1 branch of the dungeon, and saw 3 of its levels.

You collected 133 gold pieces.

Inventory:

Hand Weapons
 a - a +0 hand axe
 j - a +0 war axe (weapon)
Armour
 b - a +0 animal skin (worn)
Jewellery
 i - a ring of protection from cold
 k - a ring of flight
Scrolls
 c - 3 scrolls of identify {unknown}
 g - a scroll of torment {unknown}
Potions
 d - a potion of brilliance {unknown}
 e - a potion of haste {unknown}
 f - a potion of attraction {unknown}
 h - a potion of heal wounds {unknown}


   Skills:
 - Level 3.0 Fighting
 + Level 4.6 Axes
 - Level 1.7 Armour
 - Level 1.7 Dodging


You had 3 spell levels left.
You didn't know any spells.
Your spell library was empty.

Dungeon Overview and Level Annotations

Branches:
Dungeon (3/15)

Altars:
Uskayaw

Annotations:
D:3 Grinder


Innate Abilities, Weirdness & Mutations

You are partially covered in large bone plates. (SH +4)


Message History

Grinder gestures at you.
You suddenly lose the ability to move!
Grinder blinks! x2
You can move again.
There is a stone staircase leading up here.
Grinder gestures at you. Pain shoots through your body!
* * * LOW HITPOINT WARNING * * *
You climb upwards.
There is a stone staircase leading down here.
You feel yourself speed up.
You recover from your berserk rage.
You start waiting.
Done waiting.
You climb downwards.
Level annotation: Grinder Grinder says, "My boss said I was rubbish.
His entrails said otherwise."
There is a stone staircase leading up here.
Grinder hits you!
You writhe in agony.
A red film seems to cover your vision as you go berserk!
You feel yourself moving faster!
You feel mighty! Grinder gestures at you.
You suddenly lose the ability to move!
Grinder hits you.
You writhe in agony.
Grinder hits you!
* * * LOW HITPOINT WARNING * * *
You writhe in agony.
* * * LOW HITPOINT WARNING * * *
You can move again.
You slash Grinder!
Grinder is lightly wounded.
Grinder hits you.
* * * LOW HITPOINT WARNING * * *
You slash Grinder!
Grinder is heavily wounded.
Grinder blinks!
You feel a strong urge to attack something.
Grinder gestures at you. Pain shoots through your body!
You die...

▒≈▒▒·▒▒▒▒▒▒ ▒
▒≈···▒
··▒▒▒≈≈·≈▒▒▒▒▒▒▒▒
·····≈≈·········▒
·▒▒▒·≈··≈·······▒
▒·≈≈···5·····▒
▒·≈··········▒
▒······§·····▒
▒·····@······▒
▒▒▒▒▒<▒▒▒▒▒▒▒▒
▒▒▒


You could see Grinder.

Vanquished Creatures
  Natasha (D:3)
  2 adders
  A dart slug (D:1)
  3 bats
  2 endoplasms
  A giant cockroach (D:3)
  A goblin (D:3)
  5 hobgoblins
  5 kobolds
  A ball python (D:2)
  3 frilled lizards
  8 rats
33 creatures vanquished.

Notes
Turn   | Place    | Note
-------+----------+-------------------------------------------
     0 | D:1      | Azzok the Demonspawn Berserker began the quest for the Orb.
     0 | D:1      | Reached XP level 1. HP: 18/18 MP: 1/1
   135 | D:1      | Reached skill level 3 in Axes
   343 | D:1      | Gained mutation: You are partially covered in large bone
                  | plates. (SH +4) [demonic ancestry]
   343 | D:1      | Reached XP level 2. HP: 24/24 MP: 2/2
   610 | D:1      | Found a faded altar of an unknown god.
  1093 | D:2      | Reached XP level 3. HP: 10/29 MP: 3/3
  1827 | D:3      | Reached skill level 4 in Axes
  2136 | D:3      | Noticed a +0 dagger
  2137 | D:3      | Noticed a +0 dagger
  2138 | D:3      | Noticed a +0 spear
  2144 | D:3      | Noticed a +0 spear
  2144 | D:3      | Noticed a +0 short sword
  2145 | D:3      | Noticed a +0 falchion
  2146 | D:3      | Noticed a +0 short sword
  2146 | D:3      | Noticed a +0 falchion
  2147 | D:3      | Found a hide-covered altar of Uskayaw.
  2180 | D:3      | Noticed Natasha
  2185 | D:3      | Killed Natasha
  2186 | D:3      | Reached XP level 4. HP: 27/35 MP: 4/4
  2273 | D:3      | Noticed Grinder
  2300 | D:3      | Paralysed by Grinder for 7 turns
  2661 | D:3      | Paralysed by Grinder for 3 turns
  2667 | D:3      | Killed from afar by Grinder

Illustrated notes

Levels and vault maps discovered:
D:1:      saegor_arrival_simple_e, layout_basic,
          shapermc_ecumenical_altar_mp_urbaneastern
D:2:      layout_basic
D:3:      layout_basic, nicolae_uskayaw_en_pointe, okawaru_ov_weapons_minmay,
          serial_rivers, chequers_serial_rivers_micro_e,
          chequers_serial_rivers_marsh, chequers_serial_rivers_micro_d,
          chequers_serial_rivers_room_a, chequers_serial_rivers_micro_c,
          uniq_natasha, uniq_grinder

Skill      XL: |  1  2  3 |
---------------+----------+-----
Axes           | 3 4 |  4.6
Fighting       | |  3.0
Armour         | |  1.7
Dodging        | |  1.7

Action                   |  1- 3 |  4- 6 || total
-------------------------+-------+-------++-------
Melee: Hand axe          |    63 |       ||    63
       War axe           |    21 |     6 ||    27
Invok: Berserk           |     1 |     2 ||     3
 Stab: Sleeping          |     2 |     1 ||     3
Armor: Animal skin       |    13 |     1 ||    14
Dodge: Dodged            |    51 |       ||    51
Block: Other             |    16 |       ||    16

Table legend: (Time is in decaauts)
 A = Elapsed time spent in this place.
 B = Non-inter-level travel time spent in this place.
 C = Inter-level travel time spent in this place.
 D = Time resting spent in this place.
 E = Time spent auto-exploring this place.
 F = Levels seen in this place.
 G = Mean time per level.
                   A        B        C        D        E       F      G
               +--------+--------+--------+--------+--------+-----+--------+
         Total |   2706 |   2653 |     53 |    545 |   1803 |   3 |  902.0 |
       Dungeon |   2706 |   2653 |     53 |    545 |   1803 |   3 |  902.0 |
               +--------+--------+--------+--------+--------+-----+--------+

Top non-repeatable levels by time:
     D:2: 1322 daAuts
     D:1: 871 daAuts
     D:3: 512 daAuts
